Map: Catalyst LE

Players

Neeb - Winner!

  • Race: Protoss Protoss
  • Spawn Location: 11:00

Sioras

  • Race: Zerg Zerg
  • League: Master
  • Spawn Location: 5:00

Event: WESG 2017 Haikou

VOD

Have the link to the VOD?

Description

Time

  • Played on: March 15, 2018, 2:41 a.m.
  • Length: 10:33

All games in this series

Show
View Real Time Build Order
Export as new Build Order

Neeb Protoss - Winner!

Build Orders: 1 Gate Expand, Oracle Opening, Phoenix Opening, Archon Immortal, Zealot Archon, Archon Drop 

Get SALT Encoding   

  12  0:00  Probe  
  13  0:12  Probe  
  14  0:17  Pylon  
  14  0:25  Probe (Chrono Boost)  
  15  0:34  Assimilator  
  15  0:37  Probe (Chrono Boost)  
  16  0:44  Gateway  
  16  0:46  Probe (Chrono Boost)  
  17  0:55  Probe  
  18  1:07  Probe  
  19  1:19  Probe  
  20  1:30  Nexus  
  20  1:35  Cybernetics Core  
  20  1:37  Probe  
  21  1:42  Assimilator  
  21  1:50  Probe  
  21  1:53  Pylon  
  22  2:02  Adept, Probe (Chrono Boost)  
  23  2:14  Probe (Chrono Boost)  
  26  2:20  Probe (Chrono Boost)  
  26  2:22  Stargate  
  27  2:28  Adept (Chrono Boost), Probe  
  30  2:38  Warp Gate  
  30  2:40  Probe  
  30  2:42  Probe  
  32  2:52  Adept (Chrono Boost), Probe  
  32  2:54  Probe  
  36  3:04  Probe  
  37  3:06  Oracle (Chrono Boost), Probe  
  37  3:11  Pylon  
  41  3:16  Probe  
  41  3:18  Probe  
  43  3:26  Gateway  
  43  3:28  Probe  
  43  3:30  Probe  
  45  3:35  Phoenix  
  45  3:40  Pylon  
  45  3:41  Probe  
  48  3:43  Probe  
  48  3:44  Assimilator  
  48  3:46  Assimilator  
  49  3:53  Robotics Facility, Probe  
  49  3:55  Probe  
  51  4:05  Probe  
  51  4:07  Probe  
  51  4:09  Twilight Council  
  53  4:11  Pylon  
  53  4:17  Probe  
  53  4:21  Probe, Gateway x2  
  55  4:29  Probe  
  56  4:38  Warp Prism (Chrono Boost)  
  57  4:41  Probe  
  57  4:44  Charge (Chrono Boost), Gateway  
  59  4:47  Gateway  
  59  4:51  Templar Archives  
  59  5:04  Nexus  
  59  5:10  Pylon  
  59  5:12  Probe  
  59  5:13  Probe  
  61  5:24  Probe  
  61  5:25  Probe  
  63  5:32  Shield Battery  
  63  5:34  High Templar x3  
  63  5:35  High Templar  
  71  5:37  Archon, Probe x2  
  71  5:39  Archon, Pylon  
  73  5:43  Immortal (Chrono Boost)  
  77  5:50  Probe  
  78  6:00  Gateway  
  78  6:02  Gateway  
  78  6:04  Forge  
  78  6:05  Probe  
  78  6:06  Probe, Shield Battery  
  78  6:09  Shield Battery  
  78  6:10  Sentry  
  78  6:11  Sentry  
  84  6:15  Immortal (Chrono Boost)  
  84  6:16  Probe  
  84  6:18  Probe  
  90  6:21  Pylon  
  90  6:25  Probe  
  91  6:30  Probe x2, Pylon  
  93  6:37  Protoss Ground Weapons Level 1 (Chrono Boost), Probe  
  94  6:42  Probe x2  
  94  6:44  Immortal (Chrono Boost)  
  100  6:49  Probe, Assimilator x2  
  101  6:54  Probe  
  101  6:59  Zealot x3  
  108  7:06  Gateway x2  
  108  7:11  Probe  
  108  7:12  Probe  
  108  7:14  Pylon  
  110  7:16  Immortal (Chrono Boost)  
  114  7:25  High Templar  
  114  7:29  Pylon  
  116  7:30  Pylon  
  116  7:32  Pylon x2  
  116  7:34  High Templar x3  
  116  7:35  Zealot  
  124  7:48  Zealot x3, Archon x2  
  130  7:55  Observer (Chrono Boost)  
  131  8:00  Nexus  
  131  8:02  Pylon  
  131  8:04  Pylon  
  131  8:06  Zealot x4  
  131  8:07  Zealot x3  
  145  8:15  Protoss Ground Weapons Level 2 (Chrono Boost)  
  145  8:22  Zealot x3  
  145  8:23  Psionic Storm  
  145  8:32  Zealot x7  
  145  8:38  Immortal (Chrono Boost)  
  139  8:47  High Templar x3  
  143  8:53  High Templar x2  
  135  8:57  Probe  
  135  8:58  Photon Cannon  
  135  8:59  Probe x2  
  134  9:07  High Templar x2  
  134  9:08  Photon Cannon  
  137  9:10  Probe  
  137  9:11  Probe x2  
  139  9:17  Immortal (Chrono Boost)  
  139  9:20  Assimilator  
  139  9:22  Probe  
  139  9:23  Probe  
  145  9:25  Assimilator  
  145  9:32  High Templar x2  
  145  9:34  Zealot x5  
  159  9:39  Archon  
  159  9:44  Shield Battery  
  159  9:45  Shield Battery  
  159  9:47  Immortal (Chrono Boost)  
  163  9:53  Fleet Beacon  
  163  9:54  Zealot  
  163  9:58  Zealot x2  
  169  10:05  High Templar  
  169  10:06  High Templar  
  173  10:08  Observer  
  173  10:11  Archon  
  173  10:13  Zealot x3  
  161  10:26  Archon x2  
  161  10:27  Archon  
  143  10:32  Zealot x5  
Show
View Real Time Build Order
Export as new Build Order

Sioras Zerg 

Build Orders: Hatch First, Lurkers, Roach Hydra 

Get SALT Encoding   

  12  0:00  Drone  
  13  0:08  Drone  
  14  0:14  Extractor  
  14  0:15  Drone  
  15  0:22  Overlord  
  15  0:44  Hatchery  
  15  0:47  Drone  
  15  0:51  Drone  
  15  0:54  Drone  
  17  0:59  Drone  
  18  1:12  Spawning Pool  
  18  1:14  Extractor  
  18  1:17  Drone  
  17  1:21  Drone  
  18  1:32  Drone  
  19  1:41  Drone  
  20  1:53  Overlord  
  20  1:56  Drone  
  20  1:59  Queen x2  
  25  2:03  Zergling x2  
  25  2:07  Zergling x2  
  27  2:13  Drone  
  28  2:17  Drone  
  29  2:24  Drone  
  29  2:29  Drone  
  31  2:35  Drone  
  32  2:37  Hatchery  
  32  2:43  Queen  
  33  2:47  Zergling x2  
  33  2:49  Zergling x2  
  35  2:53  Overlord  
  35  2:56  Zergling x2  
  36  3:01  Overlord  
  36  3:11  Drone x5  
  41  3:22  Drone  
  41  3:24  Drone, Lair  
  41  3:25  Drone x2  
  45  3:32  Drone  
  46  3:35  Spore Crawler  
  46  3:36  Spore Crawler  
  46  3:40  Drone  
  45  3:43  Drone  
  45  3:46  Roach Warren  
  45  3:49  Drone x2  
  45  3:50  Drone  
  45  3:54  Drone  
  45  3:55  Drone  
  50  4:00  Overlord  
  49  4:04  Spore Crawler  
  49  4:05  Drone x3  
  49  4:09  Drone  
  50  4:11  Drone  
  50  4:13  Extractor  
  50  4:14  Drone  
  50  4:15  Extractor  
  50  4:16  Drone  
  51  4:18  Drone  
  51  4:19  Drone  
  51  4:21  Drone  
  51  4:22  Drone  
  55  4:26  Glial Reconstitution  
  55  4:29  Overlord  
  55  4:32  Roach  
  55  4:35  Overlord  
  57  4:41  Overlord  
  57  4:48  Roach x4  
  65  4:53  Overlord  
  65  4:54  Roach  
  65  4:59  Roach x2  
  71  5:01  Drone x2  
  71  5:06  Drone  
  74  5:08  Drone x2  
  74  5:09  Drone  
  74  5:10  Drone  
  74  5:12  Drone x2  
  80  5:17  Overlord  
  80  5:20  Overlord  
  80  5:21  Drone x2  
  80  5:22  Drone  
  80  5:25  Drone x2  
  84  5:29  Evolution Chamber  
  84  5:32  Overlord x2  
  84  5:35  Overlord  
  83  5:40  Extractor  
  83  5:41  Roach x2  
  86  5:44  Overlord  
  86  5:45  Overlord  
  86  5:47  Roach  
  85  6:00  Roach x5  
  95  6:12  Zerg Missile Weapons Level 1  
  95  6:14  Drone x5  
  95  6:15  Hydralisk Den, Overlord  
  95  6:17  Drone  
  100  6:20  Drone x3  
  102  6:26  Extractor  
  102  6:28  Drone x5  
  102  6:29  Extractor  
  105  6:42  Queen  
  105  6:51  Grooved Spines, Overlord x2  
  105  6:54  Drone x2  
  105  6:57  Hydralisk x7, Drone x2  
  120  7:03  Hydralisk x2  
  124  7:09  Hydralisk  
  126  7:17  Drone  
  126  7:19  Hydralisk Den  
  126  7:20  Hydralisk x3  
  132  7:24  Hatchery  
  132  7:27  Hydralisk x2, Overseer  
  132  7:28  Hydralisk x3  
  141  7:32  Overlord x2  
  141  7:42  Overlord x2  
  141  7:49  Hydralisk  
  141  7:50  Hydralisk  
  145  7:54  Muscular Augments  
  145  7:55  Drone  
  145  7:56  Lurker Den  
  145  8:01  Drone x6  
  145  8:03  Roach  
  145  8:04  Roach x3  
  159  8:08  Spine Crawler  
  159  8:09  Roach  
  159  8:11  Roach  
  159  8:12  Roach x2  
  166  8:16  Roach x3  
  172  8:26  Roach  
  175  8:27  Roach x2  
  155  8:34  Roach  
  155  8:35  Roach x3  
  155  8:39  Roach  
  155  8:40  Roach x3  
  153  8:43  Queen  
  153  8:49  Roach  
  153  8:50  Roach x3  
  153  8:54  Roach x5  
  160  9:07  Queen  
  160  9:08  Queen  
  163  9:10  Overlord x2  
  163  9:11  Roach x3  
  163  9:14  Spore Crawler  
  163  9:15  Spine Crawler  
  167  9:19  Drone  
  167  9:20  Spine Crawler  
  167  9:25  Lurker x7  
  174  9:34  Roach x6  
  186  9:44  Roach x6  
  198  9:50  Roach  
  200  10:13  Roach x7  
Tags
 
Add a new tag
Caveats
  • Supply blocks, unpowered buildings, or Contaminate may cause inaccurate times.
  • Supply counts are checked every 10 seconds.